 Dungeon Crawl Stone Soup version 0.29-a0-378-gc08b2e8bf8 (webtiles) character file.

Game seed: 8659801798164126555

2205 spaghetti the Grappler (level 9, -1/45 HPs)
             Began as a Vine Stalker Berserker on May 4, 2022.
             Was an Elder of Trog.
             Succumbed to Dowan's poison
             ... on level 7 of the Dungeon on May 5, 2022.
             The game lasted 00:18:29 (5463 turns).

spaghetti the Grappler (Vine Stalker Berserker)     Turns: 5463, Time: 00:18:29

Health: -1/45      AC:  3    Str: 24    XL:     9   Next: 34%
Magic:  3/10       EV: 12    Int:  7    God:    Trog [****..]
Gold:   461        SH:  0    Dex: 14    Spells: 8/8 levels left

rFire   . . .      SeeInvis +     - Unarmed
rCold   . . .      Faith    +   (no shield)
rNeg    . . .      Spirit   +   a - +0 animal skin
rPois   .          Reflect  .   s - +0 helmet
rElec   .          Harm     .   (no cloak)
rCorr   .          Rampage  .   (no gloves)
Will    +++..                   (no boots)
Stlth   +.........              B - amulet of faith {!P}
HPRegen 1.95/turn               k - ring of see invisible
MPRegen 0.12/turn               (no ring)

@: lethally poisoned (-1 -> -5), strong-willed, on berserk cooldown,
regenerating, slowed, very slow
A: fangs 3, regeneration 1, magic shield, antimagic bite, no potion heal 2
a: Renounce Religion, Berserk, Trog's Hand, Brothers in Arms


You were on level 7 of the Dungeon.
You worshipped Trog.
Trog was greatly pleased with you.
You visited 1 branch of the dungeon, and saw 8 of its levels.
You also visited: Ossuary.

You collected 515 gold pieces.
You spent 54 gold pieces at shops.


Innate Abilities, Weirdness & Mutations

You have razor-sharp teeth.
Your natural rate of healing is unusually fast.
When hurt, damage is shared between your health and your magic reserves.
Your bite disrupts and absorbs the magic of your enemies.
Potions cannot restore your health.


   Skills:
 + Level 4.1 Fighting
 - Level 1.5 Armour
 - Level 1.5 Dodging
 - Level 12.0 Unarmed Combat


You had 8 spell levels left.
You didn't know any spells.
Your spell library contained the following spells:

 Spells                   Type           Power      Damage    Failure   Level
 Conjure Flame            Conj/Fire      0%         6-21      80%         3
 Ignite Poison            Fire/Tmut/Pois 0%         N/A       80%         3
 Sticky Flame             Conj/Fire      0%         2d3       99%         4

Inventory:

Missiles
 d - 247 stones (quivered) {throwing}
 r - 7 poisoned darts {throwing}
Armour
 a - a +0 animal skin (worn)
 s - a +0 helmet (worn)
   (You bought it in a shop on level 3 of the Dungeon)
Magical Staves
 i - a staff of earth {forbidden!astaff}
   (You found it on level 5 of the Dungeon)
Jewellery
 k - a ring of see invisible (left hand)
   (You found it on level 2 of the Dungeon)
 B - an amulet of faith (around neck) {!P}
   (You found it on level 6 of the Dungeon)
Wands
 t - a wand of polymorph (6)
   (You found it on level 4 of the Dungeon)
 D - a wand of iceblast (9)
   (You found it on level 7 of the Dungeon)
Scrolls
 b - 2 scrolls of blinking {!r}
 f - a scroll of poison {!r}
 h - 4 scrolls of teleportation {@r4}
 l - 4 scrolls of enchant weapon
 n - a scroll of brand weapon {unknown}
 o - a scroll of silence {unknown}
 p - 2 scrolls of fog
 u - 2 scrolls of fear {unknown}
 y - a scroll of torment {unknown}
 z - a scroll of amnesia {unknown}
 E - a scroll of identify {@r1}
Potions
 c - 6 potions of brilliance {unknown}
 e - 4 potions of mutation {unknown}
 g - 3 potions of might {unknown}
 j - 3 potions of attraction {unknown}
 m - a potion of degeneration {unknown}
 q - a potion of magic {unknown}
 v - a potion of cancellation {unknown}
 w - a potion of ambrosia {unknown}
 x - a potion of flight {unknown}
 A - 2 potions of invisibility {unknown}
 C - a potion of heal wounds {unknown}

Dungeon Overview and Level Annotations

Branches:
Dungeon (8/15)             Temple (0/1) D:6         Ossuary (visited)
   Lair: D:8-11

Altars:
Gozag

Shops:
D:3 [

Portals:
Abyss: D:3

Annotations:
D:3 2 transporters, RandomusNamus's ghost, amateur MiCA

#..####.≈≈≈≈≈≈≈.....#
#######..##............##.#
.........##.##.####.#..##.##
..######.##.##.# #.##.)....
#.......# #.#####.##
#.e.....# #.......# ##
#..#.##.# ######### ..
#..#)##.# ####### ###
F####.#..#@##.# #.....# §..
........(#....###.....# .§.
........(#............# o§
.........>)...###.....# ###
§§ .....((###.#.##
#.....###.. § .#####. #.#.#
##......... #.###.#.##
#..###'### #......>.#
#.#8...#.. ########.#
#.#...#...


There were no monsters in sight!


Message History

Dowan seems to find hidden reserves of power!
Dowan gestures wildly while chanting.
Dowan blinks! 😎 HP[+1]
You now have 45 max hp (+1).
Your hp is fully restored (45).
Items here: ) / [ †.
Dowan casts a spell at you. The shard of ice misses you.
Dowan closely misses you.
You closely miss Dowan. Your bite misses Dowan.
Dowan points at you and mumbles some strange words.
The shard of ice hits you!!
Dowan hits you with a +2 dagger of venom.
You are poisoned. 😮 HP[-22] MP[-4]
You take 22 damage, and now have 23/45 hp.
MASSIVE DAMAGE!! (PAUSE)
You lost 4 mp, and now have 6/10 mp.
Your skin crawls.
You feel strong-willed.
You feel very sick.
Dowan hits you with a +2 dagger of venom.
* * * LOW HITPOINT WARNING * * *
You are more poisoned. 😨 HP[-2]
You take 2 damage, and now have 21/45 hp.
Unknown command.
Unknown command.
A red film seems to cover your vision as you go berserk!
You feel yourself moving faster!
You feel mighty!
You feel very sick.
Dowan hits you with a +2 dagger of venom.
* * * LOW HITPOINT WARNING * * *
You are more poisoned.
Dowan hits you with a +2 dagger of venom!
* * * LOW HITPOINT WARNING * * *
You are more poisoned. 😨 HP[-2] MP[-2]
You now have 67 max hp (+22).
You lost 2 mp, and now have 4/10 mp.
Unknown command.
You closely miss Dowan. Your bite misses Dowan.
You feel very sick. 😨 HP[-2]
You take 2 damage, and now have 17/67 hp.
You barely miss Dowan.
You feel sick.
Dowan hits you but does no damage. 😱 HP[-1]
You take 1 damage, and now have 16/67 hp.
Unknown command.
Unknown command.
You barely miss Dowan. You punch Dowan!
You feel very sick.
Dowan hits you with a +2 dagger of venom.
* * * LOW HITPOINT WARNING * * *
You are lethally poisoned! 😱 HP[-5] MP[-1]
You take 5 damage, and now have 11/67 hp.
You lost 1 mp, and now have 3/10 mp.
Unknown command.
Unknown command.
You are too berserk!
You miss Dowan. You bite Dowan!
You kill Dowan!
Trog accepts your kill.
Trog appreciates your killing of a magic user.
* * * LOW HITPOINT WARNING * * *
You feel very sick.
Your Fighting skill increases to level 4! 😱 HP[-3]
You take 3 damage, and now have 8/67 hp.
You are possessed by a berserker rage.
You are lethally poisoned (8 -> -2).
Your willpower is greatly increased.
You are regenerating.
Your movement speed is very quick.
Your attack delay is about 0.5.
Unknown command.
There is a lethal amount of poison in your body!
Unknown command.
Unknown command.
Unknown command.
There is a lethal amount of poison in your body!
Unknown command.
* * * LOW HITPOINT WARNING * * *
You feel very sick. 😱 HP[-3]
You take 3 damage, and now have 5/67 hp.
You feel a strong urge to attack something.
* * * LOW HITPOINT WARNING * * *
You feel very sick. 😱 HP[-2]
You take 2 damage, and now have 3/67 hp.
Unknown command.
* * * LOW HITPOINT WARNING * * *
You feel sick. 😱 HP[-1]
You take 1 damage, and now have 2/67 hp.
Unknown command.
Unknown command.
You feel your anger nearly subside.
You are no longer berserk.
You are exhausted.
You feel yourself slow down.
You die...

Skill      XL: |  1  2  3  4  5  6  7  8  9 |
---------------+----------------------------+-----
Unarmed Combat | 4 5 6 7 9 11 12 | 12.0
Fighting       | 4 |  4.1
Armour         | |  1.5
Dodging        | |  1.5

Action                   |  1- 3 |  4- 6 |  7- 9 || total
-------------------------+-------+-------+-------++-------
Melee: Unarmed           |    69 |   121 |   193 ||   383
       Bite              |    13 |    40 |    54 ||   107
       Punch             |       |     2 |    10 ||    12
Throw: Stone             |       |       |    18 ||    18
Invok: Berserk           |     2 |     2 |     3 ||     7
       Trog's Hand       |       |       |     3 ||     3
  Use: Scroll            |       |     4 |     3 ||     7
 Stab: Sleeping          |     6 |       |     1 ||     7
       Distracted        |       |       |     1 ||     1
Armor: Animal skin       |    15 |    30 |    28 ||    73
Dodge: Dodged            |    47 |    51 |    91 ||   189

Levels and vault maps discovered:
D:1:      dpeg_arrival_rhombus, layout_basic, chequers_ecumenical_altar_simple,
          minmay_misc_feat_doors
D:2:      layout_rooms, dreamdust_wishing_well, kennysheep_nondescript
D:3:      layout_basic, gammafunk_ghost_abyssal_escape, serial_shops,
          nicolae_square_shop
D:4:      layout_cave_pools, nicolae_ossuary_entry_ruins
D:5:      layout_cave_pools
D:6:      layout_basic, minmay_temple_entry_proselytizer,
          kennysheep_generic_room_9
D:7:      layout_loops_cross, mainiacjoe_overflow_cross_hatched, serial_undead,
          serial_undead_a, serial_undead_c, serial_undead_f, serial_undead_d,
          minivault_1, uniq_joseph, uniq_prince_ribbit1, uniq_menkaure,
          uniq_crazy_yiuf_cottage, uniq_duvessa
D:8:      layout_gridville, grunt_ministairs_8, eino_tiny_chamber,
          serial_park_tiny_2, uniq_maurice

Notes
Turn   | Place    | Note
-------+----------+-------------------------------------------
     0 | D:1      | spaghetti the Vine Stalker Berserker began the quest for
                  | the Orb.
     0 | D:1      | Reached XP level 1. HP: 11/11 MP: 2/2
     0 | D:1      | magus.rc [v1.9.6]
   146 | D:1      | Found a faded altar of an unknown god.
   382 | D:1      | Reached XP level 2. HP: 16/16 MP: 3/3
  1341 | D:2      | Reached skill level 4 in Unarmed Combat
  1351 | D:2      | Reached XP level 3. HP: 19/19 MP: 1/4
  1932 | D:3      | Found a transporter.
  1953 | D:3      | Found a one-way gate to the infinite horrors of the Abyss.
  1953 | D:3      | Noticed RandomusNamus's ghost (amateur MiCA)
  1956 | D:3      | Found a transporter.
  2035 | D:3      | You add the spells Conjure Flame, Ignite Poison and Sticky
                  | Flame to your library.
  2096 | D:3      | Gained mutation: Your natural rate of healing is unusually
                  | fast. [Vine Stalker growth]
  2096 | D:3      | Reached XP level 4. HP: 21/23 MP: 5/5
  2212 | D:3      | Found Agyosoe's Armour Shoppe.
  2224 | D:3      | Bought a +0 helmet for 54 gold pieces
  2847 | D:4      | Noticed a black bear
  2857 | D:4      | Killed a black bear
  2858 | D:4      | Reached skill level 5 in Unarmed Combat
  2858 | D:4      | Reached XP level 5. HP: 13/27 MP: 2/6
  2905 | D:4      | Found a sand-covered staircase.
  2959 | Ossuary  | Entered an ossuary
  2980 | Ossuary  | Reached skill level 6 in Unarmed Combat
  2988 | Ossuary  | Reached ** piety under Trog
  3061 | Ossuary  | magus.rc [v1.9.6]
  3066 | Ossuary  | Reached XP level 6. HP: 24/32 MP: 5/7
  3089 | Ossuary  | HP: 7/32 [mummy (15)]
  3304 | D:4      | Reached skill level 7 in Unarmed Combat
  3454 | D:5      | Entered Level 5 of the Dungeon
  3454 | D:5      | Noticed an ice beast
  3465 | D:5      | Killed an ice beast
  3510 | D:5      | Reached XP level 7. HP: 23/35 MP: 5/8
  3559 | D:5      | Reached skill level 8 in Unarmed Combat
  3691 | D:5      | Reached *** piety under Trog
  3760 | D:5      | Reached skill level 9 in Unarmed Combat
  4099 | D:6      | Found a staircase to the Ecumenical Temple.
  4103 | D:6      | Gained mutation: You have razor-sharp teeth. [Vine Stalker
                  | growth]
  4103 | D:6      | Reached XP level 8. HP: 39/39 MP: 9/9
  4241 | D:6      | Reached skill level 10 in Unarmed Combat
  4741 | D:6      | Reached skill level 11 in Unarmed Combat
  4857 | D:6      | Reached **** piety under Trog
  5141 | D:7      | Reached XP level 9. HP: 21/43 MP: 5/10
  5268 | D:7      | Found an opulent altar of Gozag.
  5297 | D:7      | Reached skill level 12 in Unarmed Combat
  5298 | D:7      | Noticed Duvessa
  5303 | D:7      | Noticed Dowan
  5311 | D:7      | HP: 8/40 [Dowan/+2 dagger of venom (5)]
  5316 | D:8      | HP: 6/40 [poisoned by Dowan]
  5321 | D:8      | HP: 10/40 [poisoned by Dowan]
  5386 | D:8      | Reached skill level 3 in Fighting
  5448 | D:7      | Killed Duvessa
  5457 | D:7      | HP: 16/67 [poisoned by Dowan]
  5459 | D:7      | Killed Dowan
  5460 | D:7      | Reached skill level 4 in Fighting
  5460 | D:7      | HP: 5/67 [poisoned by Dowan]
  5462 | D:7      | HP: 2/67 [poisoned by Dowan]
  5463 | D:7      | Succumbed to Dowan's poison

Vanquished Creatures
  Duvessa (D:7)
  2 ice beasts (D:5)
  2 black bears
  An ogre (D:6)
  A kobold brigand (D:8)
  3 bullfrogs (D:6)
  8 necrophages
  A scorpion (D:6)
  A water moccasin zombie (Ossuary)
  Dowan (D:7)
  2 howler monkeys
  A hound (D:5)
  4 orc priests
  5 iguanas
  6 orc wizards
  A killer bee zombie (D:7)
  2 mummies (Ossuary)
  An adder (D:5)
  6 gnolls
  A shadow imp (D:5)
  A white imp (D:6)
  An ufetubus (D:5)
  5 adder zombies (Ossuary)
  A worm (D:3)
  2 dart slugs
  25 orcs
  5 ball pythons
  3 bats
  2 endoplasms
  2 giant cockroaches (D:3)
  7 goblins
  4 hobgoblins
  4 quokkas
  2 frilled lizards
  2 gnoll zombies (Ossuary)
  4 hobgoblin zombies (Ossuary)
  9 kobolds
  3 kobold zombies (Ossuary)
  6 orc zombies (Ossuary)
  A rat (D:3)
139 creatures vanquished.

Vanquished Creatures (others)
  3 withered plants (D:7)
3 creatures vanquished.

Grand Total: 142 creatures vanquished

Table legend:
 A = Non-vault XP
 B = Vault XP
 C = Vault XP percentage of total XP
 D = Non-vault monster count
 E = Vault monster count
 F = Vault count percentage of total count
                 A         B        C        D         E       F
            +---------+---------+-------+---------+---------+-------
      Total |    2151 |     999 |  31.7 |      99 |      40 |  28.8
            +---------+---------+-------+---------+---------+-------
        D:1 |      21 |       0 |   0.0 |      13 |       0 |   0.0
        D:2 |      50 |       0 |   0.0 |       8 |       0 |   0.0
        D:3 |      25 |       0 |   0.0 |      13 |       0 |   0.0
        D:4 |     221 |       0 |   0.0 |       7 |       0 |   0.0
        D:5 |     710 |       0 |   0.0 |      16 |       0 |   0.0
        D:6 |     722 |     243 |  25.2 |      33 |       3 |   8.3
        D:7 |     298 |     505 |  62.9 |       5 |       6 |  54.5
        D:8 |     104 |      90 |  46.4 |       4 |       8 |  66.7
    Ossuary |       0 |     161 | 100.0 |       0 |      23 | 100.0
            +---------+---------+-------+---------+---------+-------

Illustrated notes

Table legend:
 A = Kills in this place as a percentage of kills in entire the game.
 B = Kills by you in this place as a percentage of kills by you in the entire game.
 C = Kills by friends in this place as a percentage of kills by friends in the entire game.
 D = Other kills in this place as a percentage of other kills in the entire game.
 E = Experience gained in this place as a percentage of experience gained in the entire game.
 F = Experience gained in this place divided by the number of levels of this place that you have seen.
                   A       B       C       D       E      F
               +-------+-------+-------+-------+-------+----------------------
         Total | 100.0 | 100.0 |   N/A |   N/A | 100.0 | 350.0
       Dungeon |  83.5 |  83.5 |   N/A |   N/A |  94.9 | 373.6
       Ossuary |  16.5 |  16.5 |   N/A |   N/A |   5.1 | 161.0
               +-------+-------+-------+-------+-------+----------------------

Table legend: (Time is in decaauts)
 A = Elapsed time spent in this place.
 B = Non-inter-level travel time spent in this place.
 C = Inter-level travel time spent in this place.
 D = Time resting spent in this place.
 E = Time spent auto-exploring this place.
 F = Levels seen in this place.
 G = Mean time per level.
                   A        B        C        D        E       F      G
               +--------+--------+--------+--------+--------+-----+--------+
         Total |   5464 |   5262 |    202 |    395 |   3998 |   9 |  607.1 |
       Dungeon |   5267 |   5065 |    202 |    368 |   3985 |   8 |  658.4 |
       Ossuary |    196 |    196 |      0 |     26 |     13 |   1 |  196.0 |
               +--------+--------+--------+--------+--------+-----+--------+

Top non-repeatable levels by time:
     D:1: 1101 daAuts
     D:6: 999 daAuts
     D:3: 927 daAuts
     D:2: 760 daAuts
     D:5: 637 daAuts
     D:4: 494 daAuts
     D:7: 228 daAuts
 Ossuary: 196 daAuts
     D:8: 118 daAuts
